 Dungeon Crawl Stone Soup version 0.30-a0-389-g8d7d949f56 (webtiles) character file.

Game seed: 387054249480631141

81 NinjaNoafa the Digger (level 4, 0/24 HPs)
             Began as a Gargoyle Earth Elementalist on Dec 4, 2022.
             Slain by a gnoll
             ... wielding a +0 whip
              (6 damage)
             ... on level 1 of the Dungeon.
             The game lasted 00:04:14 (1355 turns).

NinjaNoafa the Digger (Gargoyle Earth Elementalist) Turns: 1355, Time: 00:04:14

Health: 0/24       AC:  8    Str: 11    XL:     4   Next: 42%
Magic:  7/8        EV: 12    Int: 18    God:
Gold:   96         SH:  0    Dex: 10    Spells: 7/8 levels left

rFire   + . .      SeeInvis .    t - +1 mace (drain)
rCold   . . .      Faith    .    (no shield)
rNeg    + . .      Spirit   .    s - +1 robe {rF+}
rPois   ∞          Reflect  .    (no helmet)
rElec   +          Harm     .    (no cloak)
rCorr   .          Rampage  .    d - +1 pair of gloves
Will    .....                    (no boots)
Stlth   ++........               (no amulet)
HPRegen 0.24/turn                (no ring)
MPRegen 0.11/turn                (no ring)

@: no status effects
A: sickness immunity, AC +3, negative energy resistance 1, electricity
resistance, torment resistance 1, petrification resistance
a: no special abilities


You were on level 1 of the Dungeon.
You visited 1 branch of the dungeon, and saw 2 of its levels.

You collected 96 gold pieces.

Inventory:

Hand Weapons
 t - a +1 mace of draining (weapon)
Missiles
 k - 4 boomerangs
 m - 10 stones
 p - 4 poisoned darts
Armour
 d - a +1 pair of gloves (worn)
 s - a +1 robe of fire resistance (worn)
Jewellery
 c - a ring of fire
Scrolls
 e - a scroll of fear {unknown}
 f - a scroll of magic mapping {unknown}
 g - 2 scrolls of poison
 i - a scroll of noise {unknown}
 j - a scroll of enchant weapon {unknown}
 n - a scroll of immolation {unknown}
 q - a scroll of identify {unknown}
Potions
 b - a potion of magic
 h - a potion of degeneration {unknown}
 o - a potion of heal wounds {unknown}
 r - a potion of might {unknown}


   Skills:
 - Level 1.7 Dodging
 - Level 2.4 Stealth
 + Level 2.8 Spellcasting
 + Level 1.9 Transmutations
 + Level 4.5 Earth Magic


You had 7 spell levels left.
You knew the following spells:

 Your Spells              Type           Power      Damage    Failure   Level
a - Sandblast             Erth           36%        2d10      2%          1

Your spell library contained the following spells:

 Spells                   Type           Power      Damage    Failure   Level
 Passwall                 Tmut/Erth      11%        N/A       7%          2
 Stone Arrow              Conj/Erth      20%        3d8       21%         3
 Petrify                  Tmut/Erth      14%        N/A       41%         4


Dungeon Overview and Level Annotations

Branches:
Dungeon (2/15)

Altars:


Innate Abilities, Weirdness & Mutations

You are immune to sickness and miasma.
Your stone body is resilient. (AC +3)
You are immune to poison.
You resist negative energy. (rN+)
You are resistant to electric shocks. (rElec)
You are resistant to unholy torment.
You are immune to petrification.


Message History

Aim: a gnoll, wielding a +0 whip (almost dead, 84% to hit)
The blast of sand hits the gnoll.
You kill the gnoll!
The gnoll hits you from afar with a +0 spear.
The gnoll hits you from afar with a +0 spear.
You climb upwards.
There is a stone staircase leading down here.
Unknown command.
You start resting.
Magic restored.
You start resting.
HP restored.
You climb downwards.
The gnoll barely misses you.
The gnoll hits you with a +0 flail. x2; The gnoll hits you but does no damage.
There is a stone staircase leading up here.
Okay, then.
There are no items here.
Unknown command.
The gnoll closely misses you. The gnoll hits you with a +0 flail!
You climb upwards.
There is a stone staircase leading down here.
The gnoll attacks as you move away! The gnoll barely misses you.
The gnoll hits you but does no damage. The gnoll attacks as you move away!
The gnoll hits you with a +0 whip. The gnoll attacks as you move away!
The gnoll barely misses you. The gnoll attacks as you move away!
The gnoll closely misses you.
Casting: Sandblast (safe; 2% risk of failure)
Confirm with . or Enter, or press ? or * to list all spells.
Aiming: Sandblast (safe; 2% risk of failure)
Press: ? - help, Shift-Dir - straight line, f - gnoll
Aim: a gnoll, wielding a +0 whip (84% to hit)
The blast of sand hits the gnoll!
The gnoll is severely wounded.
The gnoll hits you with a +0 whip. The gnoll attacks as you move away!
The gnoll hits you with a +0 whip.
* * * LOW HITPOINT WARNING * * *
The gnoll attacks as you move away! The gnoll hits you with a +0 whip.
* * * LOW HITPOINT WARNING * * *
The gnoll attacks as you move away! The gnoll hits you with a +0 whip.
You die...

#..>.....###......###.##
#..
###......###........#..##
#..
###.........###.......#
#.. ###...##.##
#..####.###.. ##....)##
#.....#.....P
#......####........#.#
###.###...###..#.#...#..
#...###....###.#..##..##
#.####.@....##....###...
#.# ##g####..####.# ###.
###.# #.g# #...# ### #.
##...# #.## ###.### ##
#####..### #.# #...#
###.....## #.# ##.)#
#....#### #.# #..#
#....#########.#### #..#
#.....##..........#
#..####


You could see 2 gnolls.

Vanquished Creatures
  Jessica (D:2)
  2 gnolls
  An adder (D:2)
  A dart slug (D:1)
  5 ball pythons
  3 bats (D:2)
  2 endoplasms (D:1)
  A giant cockroach (D:1)
  A goblin (D:2)
  2 hobgoblins
  2 jackals (D:1)
  A frilled lizard (D:1)
  3 kobolds (D:1)
25 creatures vanquished.

Notes
Turn   | Place    | Note
-------+----------+-------------------------------------------
     0 | D:1      | NinjaNoafa the Gargoyle Earth Elementalist began the quest
                  | for the Orb.
     0 | D:1      | Reached XP level 1. HP: 10/10 MP: 3/3
   134 | D:1      | Reached skill level 1 in Transmutations
   134 | D:1      | Reached XP level 2. HP: 15/15 MP: 0/5
   636 | D:1      | Reached skill level 4 in Earth Magic
   636 | D:1      | Reached XP level 3. HP: 11/19 MP: 0/6
  1126 | D:2      | Noticed Jessica
  1130 | D:2      | Killed Jessica
  1131 | D:2      | Reached XP level 4. HP: 17/24 MP: 3/8
  1355 | D:1      | Slain by a gnoll

Illustrated notes

Levels and vault maps discovered:
D:1:      eino_arrival_druids_welcome, layout_rooms,
          wander_ebering_terrifying_dragon_lair
D:2:      layout_loops_cross, uniq_sigmund, uniq_jessica

Skill      XL: |  1  2 |
---------------+-------+-----
Transmutations | 1 |  1.9
Earth Magic    | 4 |  4.5
Dodging        | |  1.7
Stealth        | |  2.4
Spellcasting   | |  2.8

Action                   |  1- 3 |  4- 6 || total
-------------------------+-------+-------++-------
Melee: Spear             |     7 |       ||     7
 Cast: Sandblast         |    34 |     6 ||    40
  Use: Scroll            |     1 |       ||     1
Armor: Robe              |    19 |     2 ||    21
Dodge: Dodged            |    32 |     7 ||    39

Table legend: (Time is in decaauts)
 A = Elapsed time spent in this place.
 B = Non-inter-level travel time spent in this place.
 C = Inter-level travel time spent in this place.
 D = Time resting spent in this place.
 E = Time spent auto-exploring this place.
 F = Levels seen in this place.
 G = Mean time per level.
                   A        B        C        D        E       F      G
               +--------+--------+--------+--------+--------+-----+--------+
         Total |   1375 |   1340 |     35 |    136 |    862 |   2 |  687.5 |
       Dungeon |   1375 |   1340 |     35 |    136 |    862 |   2 |  687.5 |
               +--------+--------+--------+--------+--------+-----+--------+

Top non-repeatable levels by time:
     D:1: 973 daAuts
     D:2: 402 daAuts
